[ AOE2 MATCH · #476705572 ]
Team RMHuns vs Vietnamese
[ REPLAY ANALYSIS · EXTRACTED FROM THE RECORDED GAME ]
Feudal
—
Castle
—
Imperial
—
| APM avg | 26.4 |
| APM peak | 12 |
| eAPM avg | 26.4 |
| Villagers / military | 5 / 0 |
Focus
⚔️ 0.0% · 🌾 100.0%
Feudal
—
Castle
—
Imperial
—
| APM avg | 46.1 |
| APM peak | 21 |
| eAPM avg | 24.2 |
| Villagers / military | 2 / 0 |
Focus
⚔️ 0.0% · 🌾 100.0%
Feudal
—
Castle
—
Imperial
—
| APM avg | 103.2 |
| APM peak | 47 |
| eAPM avg | 39.5 |
| Villagers / military | 5 / 0 |
Focus
⚔️ 0.0% · 🌾 100.0%
Feudal
—
Castle
—
Imperial
—
| APM avg | 41.7 |
| APM peak | 19 |
| eAPM avg | 19.8 |
| Villagers / military | 4 / 0 |
Focus
⚔️ 0.0% · 🌾 100.0%
Feudal
—
Castle
—
Imperial
—
| APM avg | 54.9 |
| APM peak | 25 |
| eAPM avg | 19.8 |
| Villagers / military | 4 / 0 |
Focus
⚔️ 0.0% · 🌾 100.0%
Feudal
—
Castle
—
Imperial
—
| APM avg | 24.2 |
| APM peak | 11 |
| eAPM avg | 13.2 |
| Villagers / military | 4 / 0 |
Focus
⚔️ 0.0% · 🌾 100.0%
Feudal
—
Castle
—
Imperial
—
| APM avg | 26.4 |
| APM peak | 12 |
| eAPM avg | 17.6 |
| Villagers / military | 0 / 0 |
Focus
⚔️ 0.0% · 🌾 100.0%
Feudal
—
Castle
—
Imperial
—
| APM avg | 19.8 |
| APM peak | 9 |
| eAPM avg | 19.8 |
| Villagers / military | 0 / 0 |
Match map
Initial resources + every placement click. Lines = walls · curves = elevation contours. ◆ gold · ⬟ stone · ● berries · ✦ relic · ◌ wall gap
Your base
啊斯基烂坦's base
库吉特昌少可汗's base
gutierrezpa4's base
trumplee1273's base
desimonemariano10's base
Estuardocr7's base
lramirez69's base
Smoothed initial terrain · ◌ = detected wall gap · hover for details
Inputs per minute
— Firestorm1043 - - 啊斯基烂坦
Build order — Firestorm1043
5 actions detected in the replay
| 0:01 | Create | Villager (Male) |
| 0:02 | Create | Villager (Male) |
| 0:02 | Create | Villager (Male) |
| 0:02 | Create | Villager (Male) |
| 0:02 | Create | Villager (Male) |
Build order — 啊斯基烂坦
4 actions detected in the replay
| 0:05 | Create | Villager (Male) |
| 0:06 | Create | Villager (Male) |
| 0:11 | Build | House |
| 0:16 | Build | House |
Build order — 库吉特昌少可汗
7 actions detected in the replay
| 0:05 | Build | House |
| 0:07 | Build | House |
| 0:08 | Create | Villager (Male) |
| 0:09 | Create | Villager (Male) |
| 0:09 | Create | Villager (Male) |
| 0:09 | Create | Villager (Male) |
| 0:09 | Create | Villager (Male) |
Build order — gutierrezpa4
6 actions detected in the replay
| 0:03 | Build | House |
| 0:05 | Build | House |
| 0:06 | Create | Villager (Male) |
| 0:06 | Create | Villager (Male) |
| 0:07 | Create | Villager (Male) |
| 0:07 | Create | Villager (Male) |
Build order — trumplee1273
5 actions detected in the replay
| 0:05 | Create | Villager (Male) |
| 0:05 | Create | Villager (Male) |
| 0:09 | Build | House |
| 0:22 | Create | Villager (Male) |
| 0:22 | Create | Villager (Male) |
Build order — desimonemariano10
3 actions detected in the replay
| 0:03 | Create | Villager (Male) ×4 |
| 0:08 | Build | House |
| 0:10 | Build | House |
Build order — Estuardocr7
0 actions detected in the replay
Build order — lramirez69
0 actions detected in the replay
Match timeline
| 0:01 | lramirez69 · resign |
[ AI ANALYSIS · 1 CREDIT ]
What really happened in this match?
Wolo.gg analyzes every decision: build order, eco, micro, common mistakes by bracket. Personalized analysis on WhatsApp or Discord in 30 seconds.
Civ guide
Huns
Map guide
Arabia
Perfil
Firestorm1043